TOP OF THE 1ST |
Boise Hawks batting - Pitching for Milwaukee (NYP) Brewers : LHP Juan Gonzalez
|
Pitching: LHP Juan Gonzalez
|
|
Batting: RHB Bodil Hardenberg
|
0-0: Foul Ball, location: 2F 0-1: Ball 1-1: Hit by Pitch
|
Batting: LHB Mick Knopp
|
0-0: Swinging Strike 0-1: Fielders Choice at 2nd, 1-6 (Groundball, 13S, EV 68.8 MPH)
|
Batting: RHB Ernest Olkowicz
|
0-0: Ball 1-0: Ball 2-0: Ball 3-0: Fielders Choice at 2nd, 4-6 (Groundball, 4, EV 106.2 MPH)
|
Batting: RHB Mike Manchester
|
0-0: Foul Ball, location: 2F 0-1: Swinging Strike 0-2: Fly out, F8 (Flyball, 89M, EV 96.2 MPH)
|
Top of the 1st over - 0 runs, 0 hits, 0 errors, 1 left on base; Boise 0 - Milwaukee (NYP) 0 |
BOTTOM OF THE 1ST |
Milwaukee (NYP) Brewers batting - Pitching for Boise Hawks : RHP Danny Rasdall
|
Pitching: RHP Danny Rasdall
|
|
Batting: RHB Hector Silva
|
0-0: Called Strike 0-1: Swinging Strike 0-2: Ball 1-2: Foul Ball, location: 2F 1-2: Foul Ball, location: 2F 1-2: Fly out, F8 (Flyball, 8RD, EV 101.2 MPH)
|
Batting: RHB Dave Bateman
|
0-0: Foul Ball, location: 2F 0-1: Foul Ball, location: 2F 0-2: Ground out 6-3 (Groundball, 6, EV 105.6 MPH)
|
Batting: LHB Paul Collins
|
0-0: Fly out, F7 (Line Drive, 7, EV 96.9 MPH)
|
Bottom of the 1st over - 0 runs, 0 hits, 0 errors, 0 left on base; Boise 0 - Milwaukee (NYP) 0 |
TOP OF THE 2ND |
Boise Hawks batting - Pitching for Milwaukee (NYP) Brewers : LHP Juan Gonzalez
|
Batting: RHB Andy Solorzano
|
0-0: Ball 1-0: Fly out, F3 (Line Drive, 3, EV 67.5 MPH)
|
Batting: RHB Max Schellekens
|
0-0: Called Strike 0-1: Ball 1-1: Foul Ball, location: 2F 1-2: Ball 2-2: Ball 3-2: SINGLE (Line Drive, 34D, EV 101.2 MPH)
|
Batting: RHB Nick Rang
|
0-0: Called Strike 0-1: Foul Ball, location: 2F 0-2: Ball 1-2: Strikes out looking
|
Batting: SHB Malik Whitted
|
0-0: Called Strike 0-1: Ball 1-1: Ball 2-1: Foul Ball, location: 2F 2-2: Strikes out looking
|
Top of the 2nd over - 0 runs, 1 hit, 0 errors, 1 left on base; Boise 0 - Milwaukee (NYP) 0 |
BOTTOM OF THE 2ND |
Milwaukee (NYP) Brewers batting - Pitching for Boise Hawks : RHP Danny Rasdall
|
Batting: RHB Rafael Medina
|
0-0: Called Strike 0-1: Ball 1-1: Ball 2-1: Foul Ball, location: 2F 2-2: Ground out 6-3 (Groundball, 6, EV 108.8 MPH)
|
Batting: SHB Craig Wright
|
0-0: Ball 1-0: Swinging Strike 1-1: Called Strike 1-2: Strikes out swinging, 2-3 out at first.
|
Batting: RHB Dustin Hartman
|
0-0: Called Strike 0-1: Ball 1-1: Ball 2-1: Ground out 5-3 (Groundball, 56, EV 101.9 MPH)
|
Bottom of the 2nd over - 0 runs, 0 hits, 0 errors, 0 left on base; Boise 0 - Milwaukee (NYP) 0 |
TOP OF THE 3RD |
Boise Hawks batting - Pitching for Milwaukee (NYP) Brewers : LHP Juan Gonzalez
|
Batting: LHB Joe Miller
|
0-0: Ball 1-0: Ball 2-0: Called Strike 2-1: Ball 3-1: Base on Balls
|
Batting: RHB Bodil Hardenberg
|
0-0: Fielders Choice at 2nd, 1-4 (Groundball, 25, EV 73.1 MPH)
|
Batting: LHB Mick Knopp
|
0-0: Ball 1-0: Swinging Strike 1-1: Fly out, F6 (Flyball, 6D, EV 95.0 MPH)
|
Batting: RHB Ernest Olkowicz
|
0-0: Ball 1-0: Foul Ball, location: 2F 1-1: Ball 2-1: Called Strike 2-2: Fly out, F9 (Flyball, 9LM, EV 94.4 MPH)
|
Top of the 3rd over - 0 runs, 0 hits, 0 errors, 1 left on base; Boise 0 - Milwaukee (NYP) 0 |
BOTTOM OF THE 3RD |
Milwaukee (NYP) Brewers batting - Pitching for Boise Hawks : RHP Danny Rasdall
|
Batting: RHB Jeff Cornett
|
0-0: Ball 1-0: Ball 2-0: Called Strike 2-1: Ground out 6-3 (Groundball, 6MD, EV 108.1 MPH)
|
Batting: RHB Tyler Badillo
|
0-0: Called Strike 0-1: Ball 1-1: Ball 2-1: Foul Ball, location: 2F 2-2: Foul Ball, location: 2F 2-2: Foul Ball, location: 2F 2-2: Foul Ball, location: 2F 2-2: Fly out, F8 (Flyball, 8LM, EV 83.1 MPH)
|
Batting: RHB Bryant Thies
|
0-0: Foul Ball, location: 2F 0-1: Fly out, F3 (Popup, 3L, EV 73.1 MPH)
|
Bottom of the 3rd over - 0 runs, 0 hits, 0 errors, 0 left on base; Boise 0 - Milwaukee (NYP) 0 |
TOP OF THE 4TH |
Boise Hawks batting - Pitching for Milwaukee (NYP) Brewers : LHP Juan Gonzalez
|
Batting: RHB Mike Manchester
|
0-0: Ball 1-0: Ground out 6-3 (Groundball, 6S, EV 70.0 MPH)
|
Batting: RHB Andy Solorzano
|
0-0: Called Strike 0-1: Ball 1-1: Swinging Strike 1-2: Fly out, F9 (Line Drive, 9, EV 88.1 MPH)
|
Batting: RHB Max Schellekens
|
0-0: Ball 1-0: Ball 2-0: Foul Ball, location: 2F 2-1: Ball 3-1: Ground out 6-3 (Groundball, 56, EV 79.4 MPH)
|
Top of the 4th over - 0 runs, 0 hits, 0 errors, 0 left on base; Boise 0 - Milwaukee (NYP) 0 |
BOTTOM OF THE 4TH |
Milwaukee (NYP) Brewers batting - Pitching for Boise Hawks : RHP Danny Rasdall
|
Batting: RHB Hector Silva
|
0-0: Ball 1-0: Bunt missed! 1-1: Ball 2-1: Foul Ball, location: 2F 2-2: Ball 3-2: Base on Balls
|
Batting: RHB Dave Bateman
|
0-0: Called Strike 0-1: Ball 1-1: Ball 2-1: Fielders Choice at 2nd, 5-4 (Groundball, 56, EV 96.2 MPH)
|
Batting: LHB Paul Collins
|
0-0: Ball 1-0: Ball 2-0: Fielders Choice at 2nd, 6-4 (Groundball, 6, EV 88.1 MPH)
|
Batting: RHB Rafael Medina
|
0-0: Foul Ball, location: 2F 0-1: Swinging Strike 0-2: Ball 1-2: Ball 2-2: Strikes out swinging
|
Bottom of the 4th over - 0 runs, 0 hits, 0 errors, 1 left on base; Boise 0 - Milwaukee (NYP) 0 |
TOP OF THE 5TH |
Boise Hawks batting - Pitching for Milwaukee (NYP) Brewers : LHP Juan Gonzalez
|
Batting: RHB Nick Rang
|
0-0: Called Strike 0-1: Foul Ball, location: 2F 0-2: DOUBLE (Line Drive, 78XD, EV 108.1 MPH)
|
Batting: SHB Malik Whitted
|
0-0: Swinging Strike 0-1: Ball 1-1: Swinging Strike 1-2: Strikes out swinging
|
Batting: LHB Joe Miller
|
0-0: Called Strike 0-1: Ball 1-1: Hit by Pitch
|
DELAY
|
Rain delay of 46 minutes in the 5th inning.
|
Batting: RHB Bodil Hardenberg
|
0-0: Ball 1-0: Ball 2-0: Called Strike 2-1: Ball 3-1: Fielders Choice at 2nd, 2-6 (Groundball, 2R, EV 71.9 MPH) Nick Rang to third
|
Batting: LHB Mick Knopp
|
0-0: Ball 1-0: Ball 2-0: Swinging Strike 2-1: Called Strike 2-2: Ball 3-2: SINGLE (Groundball, 6M, EV 103.1 MPH) (infield hit) Nick Rang scores Bodil Hardenberg to second
|
Batting: RHB Ernest Olkowicz
|
0-0: Ball 1-0: Ball 2-0: Ball 3-0: Base on Balls Bodil Hardenberg to third Mick Knopp to second
|
Batting: RHB Mike Manchester
|
0-0: Ball 1-0: Ball 2-0: Ball 3-0: Base on Balls Bodil Hardenberg scores Mick Knopp to third Ernest Olkowicz to second
|
Pitching: LHP Willis Escobedo
|
|
Batting: RHB Andy Solorzano
|
0-0: Ball 1-0: Called Strike 1-1: Called Strike 1-2: Ball 2-2: Foul Ball, location: 2F 2-2: Ball 3-2: Base on Balls Mick Knopp scores Ernest Olkowicz to third Mike Manchester to second
|
Batting: RHB Max Schellekens
|
0-0: Called Strike 0-1: Ball 1-1: Ball 2-1: Ball 3-1: Ground out U3 (Groundball, 3, EV 82.5 MPH)
|
Top of the 5th over - 3 runs, 2 hits, 0 errors, 3 left on base; Boise 3 - Milwaukee (NYP) 0 |
BOTTOM OF THE 5TH |
Milwaukee (NYP) Brewers batting - Pitching for Boise Hawks : RHP Danny Rasdall
|
Pitching: LHP Ruben Nunez
|
|
Batting: SHB Craig Wright
|
0-0: Foul Ball, location: 2F 0-1: Foul Ball, location: 2F 0-2: Ball 1-2: Foul Ball, location: 2F 1-2: Ball 2-2: Foul Ball, location: 2F 2-2: Ball 3-2: Foul Ball, location: 2F 3-2: Fly out, F8 (Flyball, 8RM, EV 79.4 MPH)
|
Batting: RHB Dustin Hartman
|
0-0: Ball 1-0: Ground out 5-3 (Groundball, 5S, EV 90.6 MPH)
|
Batting: RHB Jeff Cornett
|
0-0: Ball 1-0: Called Strike 1-1: Foul Ball, location: 2F 1-2: Ball 2-2: Strikes out looking
|
Bottom of the 5th over - 0 runs, 0 hits, 0 errors, 0 left on base; Boise 3 - Milwaukee (NYP) 0 |
TOP OF THE 6TH |
Boise Hawks batting - Pitching for Milwaukee (NYP) Brewers : LHP Willis Escobedo
|
Batting: RHB Nick Rang
|
0-0: Swinging Strike 0-1: Ball 1-1: Ball 2-1: Ball 3-1: Base on Balls
|
Batting: SHB Malik Whitted
|
0-0: Called Strike 0-1: Ball 1-1: Swinging Strike 1-2: Foul Ball, location: 2F 1-2: Strikes out swinging
|
Batting: LHB Joe Miller
|
0-0: Called Strike 0-1: Foul Ball, location: 2F 0-2: Ball 1-2: Ball 2-2: SINGLE (Groundball, 34D, EV 105.0 MPH) Nick Rang to second Runner from 2nd tries for 3rd, SAFE, throw by RF made to third
|
Batting: RHB Bodil Hardenberg
|
0-0: Ball 1-0: Ball 2-0: Fly out, F8 (Flyball, 8LM, EV 85.0 MPH)
|
Pitching: LHP Dustin Waller
|
|
Batting: LHB Mick Knopp
|
0-0: Called Strike 0-1: Fly out, F9 (Flyball, 89M, EV 84.4 MPH)
|
Top of the 6th over - 0 runs, 1 hit, 0 errors, 2 left on base; Boise 3 - Milwaukee (NYP) 0 |
BOTTOM OF THE 6TH |
Milwaukee (NYP) Brewers batting - Pitching for Boise Hawks : LHP Ruben Nunez
|
Batting: RHB Tyler Badillo
|
0-0: SINGLE (Groundball, 3S, EV 71.9 MPH) (infield hit)
|
Batting: RHB Bryant Thies
|
0-0: Ball 1-0: Fly out, F1 (Popup, P, EV 81.2 MPH)
|
Batting: RHB Hector Silva
|
0-0: Fielders Choice at 2nd, 3-6 (Groundball, 34S, EV 86.2 MPH)
|
Batting: RHB Dave Bateman
|
0-0: Ball Wild Pitch! Hector Silva to second 1-0: Swinging Strike 1-1: Foul Ball, location: 2F 1-2: Strikes out swinging
|
Bottom of the 6th over - 0 runs, 1 hit, 0 errors, 1 left on base; Boise 3 - Milwaukee (NYP) 0 |
TOP OF THE 7TH |
Boise Hawks batting - Pitching for Milwaukee (NYP) Brewers : LHP Dustin Waller
|
Batting: RHB Ernest Olkowicz
|
0-0: Ball 1-0: Swinging Strike 1-1: Ball 2-1: Foul Ball, location: 2F 2-2: Ground out 4-3 (Groundball, 34, EV 80.6 MPH)
|
Batting: RHB Mike Manchester
|
0-0: Ball 1-0: Ball 2-0: Fly out, F7 (Flyball, 8LS, EV 93.1 MPH)
|
Batting: RHB Andy Solorzano
|
0-0: Swinging Strike 0-1: Foul Ball, location: 2F 0-2: Ball 1-2: Ball 2-2: Strikes out looking
|
Top of the 7th over - 0 runs, 0 hits, 0 errors, 0 left on base; Boise 3 - Milwaukee (NYP) 0 |
BOTTOM OF THE 7TH |
Milwaukee (NYP) Brewers batting - Pitching for Boise Hawks : LHP Ruben Nunez
|
Pitching: RHP Mike Clark
|
|
Batting: LHB Paul Collins
|
0-0: Called Strike 0-1: Foul Ball, location: 2F 0-2: Ball 1-2: Foul Ball, location: 2F 1-2: Strikes out swinging
|
Batting: RHB Rafael Medina
|
0-0: Ball 1-0: Ball 2-0: Called Strike 2-1: Ball 3-1: Called Strike 3-2: Fly out, F9 (Flyball, 89M, EV 81.9 MPH)
|
Batting: SHB Craig Wright
|
0-0: DOUBLE (Line Drive, 5D, EV 96.9 MPH)
|
Batting: RHB Dustin Hartman
|
0-0: Called Strike 0-1: Fly out, F9 (Line Drive, 9, EV 99.4 MPH)
|
Bottom of the 7th over - 0 runs, 1 hit, 0 errors, 1 left on base; Boise 3 - Milwaukee (NYP) 0 |
TOP OF THE 8TH |
Boise Hawks batting - Pitching for Milwaukee (NYP) Brewers : LHP Dustin Waller
|
Pitching: LHP John Miller
|
|
Batting: RHB Max Schellekens
|
0-0: Foul Ball, location: 2F 0-1: SINGLE (Groundball, 15S, EV 75.6 MPH) (infield hit)
|
Batting: RHB Nick Rang
|
0-0: Swinging Strike 0-1: Ball 1-1: Foul Ball, location: 2F 1-2: Ball 2-2: Ball 3-2: Foul Ball, location: 2F 3-2: Base on Balls Max Schellekens to second
|
Batting: SHB Malik Whitted
|
0-0: Foul Ball, location: 2F 0-1: Ball 1-1: Ball 2-1: Swinging Strike 2-2: Strikes out swinging
|
Batting: LHB Joe Miller
|
0-0: Ball 1-0: Ball 2-0: Fly out, F3 (Line Drive, 3, EV 69.4 MPH) Lined into DP, U3 (Line Drive, 3, EV 67.5 MPH)
|
Top of the 8th over - 0 runs, 1 hit, 0 errors, 1 left on base; Boise 3 - Milwaukee (NYP) 0 |
BOTTOM OF THE 8TH |
Milwaukee (NYP) Brewers batting - Pitching for Boise Hawks : RHP Mike Clark
|
Pitching: RHP Jeff Wemp
|
|
Pinch Hitting: LHB Gabe Harvey
|
0-0: Ball 1-0: Swinging Strike 1-1: Ball 2-1: Ground out 4-3 (Groundball, 4, EV 84.4 MPH)
|
Batting: RHB Tyler Badillo
|
0-0: Ball 1-0: Fly out, F3 (Popup, 23F, EV 80.0 MPH)
|
Batting: RHB Bryant Thies
|
0-0: Swinging Strike 0-1: Foul Ball, location: 2F 0-2: Ball 1-2: Foul Ball, location: 2F 1-2: Ground out 5-3 (Groundball, 56S, EV 85.6 MPH)
|
Bottom of the 8th over - 0 runs, 0 hits, 0 errors, 0 left on base; Boise 3 - Milwaukee (NYP) 0 |
TOP OF THE 9TH |
Boise Hawks batting - Pitching for Milwaukee (NYP) Brewers : LHP John Miller
|
Pitching: RHP Jason Ukena
|
|
Now in CF: Derek Halliwill
|
|
Batting: RHB Bodil Hardenberg
|
0-0: Ball 1-0: Fly out, F8 (Flyball, 8RD, EV 95.6 MPH)
|
Batting: LHB Mick Knopp
|
0-0: Fly out, F6 (Popup, 6MD, EV 70.6 MPH)
|
Batting: RHB Ernest Olkowicz
|
0-0: Ball 1-0: SINGLE (Groundball, 34D, EV 95.0 MPH)
|
Batting: RHB Mike Manchester
|
0-0: Called Strike Ernest Olkowicz steals 2nd base 0-1: Ball 1-1: Ball 2-1: Ball 3-1: SINGLE (Groundball, 56D, EV 106.2 MPH) Ernest Olkowicz to third Runner from 3rd tries for Home, SAFE, throw by LF to home Mike Manchester to second
|
Batting: RHB Andy Solorzano
|
0-0: Ball Mike Manchester steals 3rd base 1-0: Ball 2-0: Ball 3-0: Called Strike 3-1: Base on Balls
|
Batting: RHB Max Schellekens
|
0-0: Ball 1-0: Ball 2-0: Ball 3-0: Base on Balls Andy Solorzano to second
|
Pitching: LHP Paul Schumacher
|
|
Batting: RHB Nick Rang
|
0-0: Ball Wild Pitch! Mike Manchester scores Andy Solorzano to third Max Schellekens to second 1-0: Called Strike 1-1: Swinging Strike 1-2: Ground out 5-3 (Groundball, 56, EV 104.4 MPH)
|
Top of the 9th over - 2 runs, 2 hits, 0 errors, 2 left on base; Boise 5 - Milwaukee (NYP) 0 |
BOTTOM OF THE 9TH |
Milwaukee (NYP) Brewers batting - Pitching for Boise Hawks : RHP Jeff Wemp
|
Batting: RHB Hector Silva
|
0-0: Ball 1-0: Ground out 5-3 (Groundball, 56, EV 83.8 MPH)
|
Batting: RHB Dave Bateman
|
0-0: Called Strike 0-1: Ground out 6-3 (Groundball, 4MS, EV 95.0 MPH)
|
Batting: LHB Paul Collins
|
0-0: Foul Ball, location: 2F 0-1: Swinging Strike 0-2: Ground out 4-3 (Groundball, 4S, EV 79.4 MPH)
|
Bottom of the 9th over - 0 runs, 0 hits, 0 errors, 0 left on base; Boise 5 - Milwaukee (NYP) 0 |
|